 Dungeon Crawl Stone Soup version 0.26.0-45-g9c1d065592 (webtiles) character file.

Game seed: 64499413857978322

844 jlumianski the Chopper (level 7, -9/64 HPs)
             Began as a Palentonga Fighter on Jan 29, 2021.
             Mangled by an orc warrior
             ... wielding a +0 battleaxe
              (22 damage)
             ... on level 4 of the Dungeon.
             The game lasted 00:24:49 (5962 turns).

jlumianski the Chopper (Palentonga Fighter)         Turns: 5962, Time: 00:24:50

Health: -9/64      AC: 16    Str: 22    XL:     7   Next: 68%
Magic:  7/7        EV:  6    Int:  8    God:
Gold:   188        SH: 10    Dex:  9    Spells: 6/6 levels left

rFire    . . .     SeeInvis +   a - +1 war axe
rCold    . . .     Faith    .   c - +1 kite shield
rNeg     . . .     Spirit   .   b - +0 scale mail
rPois    .         Reflect  .   m - +0 helmet
rElec    .         Harm     .   s - +0 cloak
rCorr    .         Rampage  .   (no gloves)
Will     .....                  (no barding)
Stlth    ..........             (no amulet)
HPRegen  0.20/turn              (no ring)
MPRegen  0.10/turn              (no ring)

@: curled up
A: large, rugged brown scales 3, see invisible, deformed body, roll 1, armoured
tail, reflexive curl
a: Rolling Charge


You were on level 4 of the Dungeon.
You visited 1 branch of the dungeon, and saw 5 of its levels.

You collected 272 gold pieces.
You spent 84 gold pieces at shops.

Inventory:

Hand Weapons
 a - a +1 war axe (weapon)
 d - a +2 quarterstaff of chaos
 g - a +2 short sword of venom
Missiles
 h - 78 stones (quivered)
 t - 38 bolts
 y - a throwing net
Armour
 b - a +0 scale mail (worn)
 c - a +1 kite shield (worn)
 m - a +0 helmet (worn)
 s - a +0 cloak (worn)
Jewellery
 e - an uncursed amulet of faith
 l - a cursed amulet of inaccuracy
 u - a cursed amulet of inaccuracy
Wands
 j - a wand of polymorph (13)
 w - a wand of digging (1)
Scrolls
 f - 2 scrolls of immolation {unknown}
 i - a scroll of enchant armour
 n - 2 scrolls of teleportation {unknown}
 o - 2 scrolls of identify
 r - 2 scrolls of remove curse {unknown}
 v - a scroll of noise {unknown}
 x - a scroll of enchant weapon
Potions
 k - 3 potions of brilliance
 p - 2 potions of curing
 q - a potion of lignification {unknown}
 z - a potion of attraction {unknown}


   Skills:
 + Level 4.4 Fighting
 + Level 5.6 Axes
 + Level 4.2 Armour
 + Level 1.3 Dodging
 + Level 3.9 Shields


You had 6 spell levels left.
You didn't know any spells.
Your spell library was empty.

Dungeon Overview and Level Annotations

Branches:
Dungeon (5/15)
 Temple: D:4-7

Altars:
Fedhas
Gozag
Hepliaklqana
Okawaru
Qazlal
Trog
Uskayaw
Vehumet
Zin

Shops:
D:4 (}[!   D:5 [

Annotations:
D:4 Pikel


Innate Abilities, Weirdness & Mutations

You are completely covered in rugged brown scales. (AC +3, +7% HP)
You have supernaturally acute eyesight. (SInv)
Armour fits poorly on your strangely shaped body.
You can roll at nearby foes to attack.
You have a long armoured tail.
You curl defensively after being hit.


Message History

The orc warrior is lightly wounded.
You block the orc warrior's attack.
You hit the orc warrior but do no damage.
The orc warrior is lightly wounded.
You block the orc warrior's attack.
You hit the orc warrior but do no damage.
The orc warrior is lightly wounded.
The orc warrior hits you with a +0 battleaxe!!
* * * LOW HITPOINT WARNING * * *
You barely miss the orc warrior.
The orc warrior is lightly wounded.
The orc warrior barely misses you.
There is an open door here.
There is a stone staircase leading down, spattered with blood here.
Things that are here:
a cursed +0 leather armour; a +0 dagger
Things that are here:
a +0 robe; a +0 dagger The orc warrior hits you with a +0 battleaxe!!
You die...

#.#####.#........).######
#.#########...#.........#
#.......................#
###..#####.#..#.........#
#....#.########.......#
##.#.#.#≈.≈≈≈≈'.......#
#)#.#.########.......#
#...#.#..............#
#.........#@########## #
#.##....#.#o# #
#.##.#......# #
#....#...#### #
######..####################
#....[[>...............
##...[#########.####.##
#####.### #.# #.## #...#...#
#.## #.##


You could see an orc warrior.

Vanquished Creatures
  A necrophage (D:5)
  An ogre (D:5)
  4 lemures (D:4)
  A bullfrog (D:4)
  Crazy Yiuf (D:2)
  A bullfrog skeleton (D:5)
  An orc priest (D:5)
  2 hounds
  Ijyb (D:4)
  3 iguanas
  2 orc wizards (D:4)
  A hound skeleton (D:4)
  7 gnolls
  9 adders
  A shadow imp (D:5)
  A white imp (D:4)
  An ooze (D:3)
  An adder skeleton (D:4)
  2 worms
  The ghost of Calibrex the Covert, a weakling GnDe (D:4)
  2 dart slugs
  3 leopard geckos
  13 orcs
  5 giant cockroaches
  7 goblins
  16 hobgoblins
  2 jackals (D:1)
  6 kobolds (D:1)
  A quokka (D:5)
  A ball python (D:2)
  11 bats
  5 frilled lizards
  A leopard gecko skeleton (D:4)
  11 rats
126 creatures vanquished.

Notes
Turn   | Place    | Note
-------+----------+-------------------------------------------
     0 | D:1      | jlumianski the Palentonga Fighter began the quest for the
                  | Orb.
     0 | D:1      | Reached XP level 1. HP: 20/20 MP: 1/1
   247 | D:1      | Reached XP level 2. HP: 27/27 MP: 2/2
   773 | D:1      | Reached XP level 3. HP: 33/33 MP: 3/3
  1039 | D:1      | HP: 1/33 [gnoll/+0 halberd (9)]
  1769 | D:1      | Reached XP level 4. HP: 41/41 MP: 4/4
  1779 | D:2      | Reached skill level 3 in Axes
  2382 | D:2      | Found a runed translucent door.
  2383 | D:2      | Noticed Crazy Yiuf
  2818 | D:2      | Killed Crazy Yiuf
  2819 | D:2      | Reached XP level 5. HP: 21/49 MP: 5/5
  3226 | D:3      | Found a bloodstained altar of Trog.
  3228 | D:3      | Found an iron altar of Okawaru.
  3228 | D:3      | Found a stormy altar of Qazlal.
  3228 | D:3      | Found a hide-covered altar of Uskayaw.
  3238 | D:3      | Found a radiant altar of Vehumet.
  3238 | D:3      | Found a blossoming altar of Fedhas.
  3743 | D:3      | Found a hazy altar of Hepliaklqana.
  3824 | D:4      | Found Siw Kow's Antique Armour Boutique.
  3971 | D:4      | Found Hoxumn's Antique Weapon Boutique.
  4025 | D:5      | Entered Level 5 of the Dungeon
  4039 | D:4      | Found an opulent altar of Gozag.
  4223 | D:4      | Found Sunayjuc's Gadget Boutique.
  4299 | D:4      | Reached XP level 6. HP: 45/55 MP: 6/6
  4364 | D:5      | Reached skill level 4 in Axes
  4378 | D:5      | Reached skill level 1 in Dodging
  4423 | D:4      | Found a runed translucent door.
  4594 | D:4      | Noticed Ijyb
  4611 | D:4      | Killed Ijyb
  4641 | D:4      | Noticed Calibrex's ghost (weakling GnDe)
  4653 | D:4      | Gained mutation: You curl defensively after being hit.
                  | [Palentonga growth]
  4653 | D:4      | Reached XP level 7. HP: 61/63 MP: 7/7
  4669 | D:4      | Killed Calibrex's ghost
  4822 | D:4      | Reached skill level 5 in Axes
  4949 | D:4      | Noticed Pikel
  4985 | D:4      | HP: 1/63 [Pikel/+1 whip of electrocution (19)]
  5424 | D:5      | Found Zeemat's Antique Armour Boutique.
  5683 | D:4      | Found Asarut's Distillery.
  5698 | D:4      | Bought 2 potions of curing for 84 gold pieces
  5870 | D:4      | Found a glowing silver altar of Zin.
  5916 | D:4      | HP: 3/64 [orc warrior/+0 battleaxe (22)]
  5962 | D:4      | Mangled by an orc warrior

Illustrated notes

Levels and vault maps discovered:
D:1:      giann_wishing_wells, layout_loops_ring
D:2:      layout_loops_corners, minmay_pentomino_pile, uniq_crazy_yiuf_cottage
D:3:      layout_basic, nzn_hepliaklqana_mist_gate, minmay_overflow_temple_hex
D:4:      layout_basic, pdpol_temple_overflow_zin_treasury_gozag_greed,
          ebering_ghost_sewer_d, serial_shops, nicolae_shop_behind_doors, shop,
          shop, nicolae_shop_competitors_out_of_business, uniq_pikel, uniq_ijyb
D:5:      layout_gridville, serial_shops, nicolae_shop_stone, shop, shop,
          kennysheep_little_box, nicolae_shop_overgrown_old_shop, tgw_trog,
          uniq_grinder

Skill      XL: |  1  2  3  4  5  6  7 |
---------------+----------------------+-----
Armour         | 3 4 |  4.2
Axes           | 3 4 5 |  5.6
Shields        | 3 |  3.9
Dodging        | 1 |  1.3
Fighting       | 4 |  4.4

Action                   |  1- 3 |  4- 6 |  7- 9 || total
-------------------------+-------+-------+-------++-------
Melee: War axe           |   107 |   207 |   124 ||   438
       Tailslap          |     9 |    21 |    13 ||    43
Throw: Stone             |     1 |       |     4 ||     5
 Abil: Rolling Charge    |    21 |    34 |    10 ||    65
Evoke: Wand              |       |       |     1 ||     1
  Use: Scroll            |     1 |     4 |       ||     5
       Potion            |       |     4 |     2 ||     6
Armor: Scale mail        |    58 |    89 |    49 ||   196
Dodge: Dodged            |    25 |    39 |    42 ||   106
Block: Kite shield       |    61 |   104 |    65 ||   230
